 Dungeon Crawl Stone Soup version 0.19-a0-262-g5df7875 (webtiles) character file.

1904263 epen the Schismatic (level 25, 199/199 HPs)
             Began as a Demonspawn Abyssal Knight on May 24, 2016.
             Was an Elder of Lugonu.
             Escaped with the Orb
             ... and 4 runes on May 25, 2016!
             The game lasted 04:10:02 (95273 turns).

epen the Schismatic (Demonspawn Abyssal Knight)    Turns: 95273, Time: 04:10:02

Health: 199/199    AC: 30    Str: 23    XL:     25   Next: 71%
Magic:  40/40      EV: 21    Int: 14    God:    Lugonu [****..]
Gold:   3344       SH: 18    Dex: 18    Spells: 0 memorised, 24 levels left

rFire  + + +     SeeInvis +     Q - +9 demon blade (distort)
rCold  + + +     Gourm    .     v - +8 fire dragon armour
rNeg   + + +     Faith    +     C - +3 shield "Rigoxoi" {rC+ Regen+}
rPois  +         Spirit   +     X - +2 helmet of Hedge Wizardry {rC+ Dex+2 Stlth+}
rElec  .         Dismiss  .     A - +0 cloak {MR+}
rCorr  +         Reflect  .     (gloves unavailable)
SustAt +         Harm     .     Z - +2 pair of boots
MR     +++..                    r - amulet of Tuliusyu {Faith rF+ rC+++ Str-2 SInv}
Stlth  +.........               t - ring of Temptation {rPois MR+ Str+5 Dex-2}
                                Y - ring "Xivviot" {SustAt rN++ Dex+3} (curse)

@: extremely resistant to hostile enchantments, very unstealthy
A: claws 3, talons 1, yellow scales 3, agile 1, blurry vision 1, deformed body,
foul stench 1, negative energy resistance 1, sense surroundings 1, screaming 1,
50% torment resistance, weak 2, magic shield, magic regeneration, magic link,
rot immunity, MP-powered wands
a: Depart the Abyss, Bend Space, Banish, Corrupt, Renounce Religion
0: Orb of Zot
}: 4/15 runes: barnacled, slimy, abyssal, gossamer


You escaped.
You worshipped Lugonu.
Lugonu was greatly pleased with you.
You were very hungry.

You visited 10 branches of the dungeon, and saw 56 of its levels.
You visited the Abyss 3 times.
You visited 1 bazaar.
You also visited: Labyrinth and Ice Cave.

You collected 7246 gold pieces.
You spent 3902 gold pieces at shops.

Inventory:

Hand Weapons
 Q - a +9 demon blade of distortion (weapon)
Missiles
 i - 5 throwing nets (quivered)
Armour
 v - a +8 fire dragon armour (worn)
 A - a +0 cloak of magic resistance (worn)
 C - the +3 shield "Rigoxoi" (worn) {rC+ Regen+}
   (You acquired it on level 3 of the Elven Halls)

   It protects you from cold.
   It increases your rate of regeneration.
 X - the +2 helmet of Hedge Wizardry (worn) {rC+ Dex+2 Stlth+}
   (You bought it in a shop in a bazaar)

   It affects your dexterity (+2).
   It protects you from cold.
   It makes you more stealthy.
 Z - a +2 pair of boots (worn)
Jewellery
 r - the amulet of Tuliusyu (around neck) {Faith rF+ rC+++ Str-2 SInv}
   (You found it in an ice cave)

   [amulet of faith]

   It allows you to gain divine favour quickly.
   It affects your strength (-2).
   It protects you from fire.
   It renders you almost immune to cold.
   It lets you see invisible.
 t - the ring of Temptation (right claw) {rPois MR+ Str+5 Dex-2}
   (You found it on level 1 of the Shoals)

   [ring of protection from magic]

   It affects your strength (+5).
   It affects your dexterity (-2).
   It protects you from poison.
   It affects your resistance to hostile enchantments.
 w - the ring "Xivurech" {MR+ Dex+3}
   (You found it on level 4 of the Dungeon)

   [ring of protection from magic]

   It affects your dexterity (+3).
   It affects your resistance to hostile enchantments.
 Y - the cursed ring "Xivviot" (left claw) {SustAt rN++ Dex+3}
   (You found it on level 2 of the Lair of Beasts)

   [ring of sustain attributes]

   It sustains your strength, intelligence and dexterity.
   It affects your dexterity (+3).
   It greatly protects you from negative energy.
   It has a curse placed upon it.
Wands
 h - a wand of teleportation (9/9)
 n - a wand of hasting (4/9)
 O - a wand of disintegration (12/24)
 S - a wand of heal wounds (6/9)
Scrolls
 g - 23 scrolls of teleportation
 p - 4 scrolls of enchant armour
 u - a scroll of blinking
 x - 5 scrolls of magic mapping
 y - 18 scrolls of remove curse
 B - 3 scrolls of fog
 E - 8 scrolls of identify
 H - a scroll of summoning
 I - 7 scrolls of fear
 M - a scroll of vulnerability
 T - 9 scrolls of amnesia
 U - 2 scrolls of silence
Potions
 c - 7 potions of brilliance
 d - a potion of resistance
 e - 8 potions of might
 k - 6 potions of curing
 l - 5 potions of magic
 m - 4 potions of cancellation
 s - 7 potions of haste
 z - 2 potions of invisibility
 F - 10 potions of lignification
 G - 6 potions of agility
 L - 2 potions of berserk rage
 P - 2 potions of flight
 W - 3 potions of ambrosia
Miscellaneous
 a - a fan of gales
 J - a sack of spiders
Comestibles
 b - 5 slices of pizza
 f - 13 royal jellies
 j - 28 meat rations
 D - 38 fruits


   Skills:
 + Level 16.5 Fighting
 * Level 20.5 Long Blades
 + Level 14.8 Armour
 + Level 15.1 Dodging
 * Level 16.4 Shields
 * Level 26.9 Invocations
 - Level 10.1 Evocations


You had 24 spell levels left.
You didn't know any spells.

Dungeon Overview and Level Annotations

Branches:
Dungeon (15/15)            Temple (0/1) D:6            Lair (8/8) D:11
 Shoals (4/4) Lair:5       Spider (4/4) Lair:4        Slime (6/6) Lair:7
    Orc (2/2) D:9             Elf (3/3) Orc:2        Vaults (4/5) D:14
  Crypt (0/3) Vaults:3     Depths (5/5) D:15            Zot (5/5) Depths:5

Altars:
Ashenzari
Cheibriados
Dithmenos
Elyvilon
Fedhas
Hepliaklqana
Kikubaaqudgha
Makhleb
Okawaru
Pakellas
Qazlal
Sif Muna
Trog
Ukayaw
Vehumet
Yredelemnul
Zin
The Shining One
Beogh
Jiyva

Shops:
D:10 }   D:11 ??**   D:14 [   D:15 :(*   Orc:2 [=*(   Elf:2 (   Elf:3 [
Vaults:2 (   Vaults:3 ?   Vaults:4 %

Portals:
Hell: Depths:1 Depths:2 Depths:3 Depths:4 Depths:5
Abyss: Depths:2 Depths:4 Depths:5
Pandemonium: Depths:3 Depths:4
Ziggurat: Depths:1
Trove: Depths:3 (give 9 potions of agility)

Annotations:
D:1 corrupted
Shoals:4 Ilsuiw
Spider:4 corrupted
Slime:6 corrupted
Elf:2 5 runed doors
Elf:3 corrupted, 1 exclusion
Vaults:1 Saint Roka
Depths:3 Jory
Zot:5 corrupted
Abyss:1 Aizul, Louise, Nessos, Royal Jelly


Innate Abilities, Weirdness & Mutations

You have claws for hands.
You are completely covered in yellow scales. (AC +4, rCorr)
You may emit foul miasma when damaged in melee.
You resist negative energy. (rN+)
You are somewhat able to resist unholy torments (1 in 2 success).
When hurt, damage is shared between your health and your magic reserves.
You regenerate magic rapidly.
When low on magic, you restore magic in place of health.
You are immune to rotting.
You have sharp toenails.
You are agile. (Dex +2)
Scrolls take you a little longer to read.
Armour fits poorly on your strangely shaped body.
You passively map a small area around you.
You occasionally shout uncontrollably at your foes.
You are very weak. (Str -4)
You expend magic power (3 MP) to strengthen your wands.


Message History

Unknown command.
The goblin hits the smoke demon.
The large abomination hits the goblin!!
The goblin dies!
A spatial vortex comes into view.
The large abomination hits you but does no damage.
A spatial vortex comes into view.
You block the large abomination's attack.
The smoke demon refuses to make way for you. (Use ctrl+direction to attack.) Unknown command.
The thrashing horror tramples you but does no damage.
You block the thrashing horror's attack.
You block the large abomination's attack.
The smoke demon refuses to make way for you. (Use ctrl+direction to attack.) Unknown command.
A white imp comes into view.
There is a huge open gate here.
The kobold shouts!
There is an open gate here.
There is a staircase leading out of the dungeon here.
You have escaped!

.# #...#######'''#######..#....#
.####...#o#.........Z.#K#.....#.#
....#...###..8.###.8..###.##.x#.#
....##..#≈..............#5.##.#..
....##..#≈.............≈#h.....#.
....##..#≈≈≈..........≈≈#..#X#..X
....##..#≈≈≈≈.≈....≈≈≈≈≈#..#h....
.†......#≈≈≈≈≈≈≈.≈≈≈≈≈≈≈#..#..5..
....#...#≈≈≈≈≈≈≈@≈≈≈≈≈≈##.#px....
....##..#################.X...x>.
....##...........x......#..v.#...
.#####.....................#.X...
.....)######.....X.......##..###.
.####.# #.###########.......## .#
#.# #.# #........#. .# #.#
###'###### #........#. .# #.#
#........# #..........


You could see an orc, a kobold, a neutral large abomination (wandering), a
neutral small abomination (wandering) and a neutral fire dragon zombie.

Vanquished Creatures
  Mennas (Depths:4)
  2 ancient liches (Zot:5)
  A juggernaut (Depths:5)
  A curse toe (Zot:1)
  3 golden dragons
  Jorgrun (Shoals:3)
  6 tentacled monstrosities
  17 Orb Guardians
  3 liches
  4 acid blobs
  A quicksilver dragon (Depths:3)
  3 Executioners
  7 death cobs
  5 tentacled starspawn (Abyss:3)
  4 draconian monks
  A shadow dragon (Depths:4)
  A revenant (Vaults:3)
  4 storm dragons
  A tengu reaver (Depths:3)
  8 frost giants
  4 draconian knights (Zot:4)
  8 fire giants
  A daeva (Depths:4)
  An azure jelly (Slime:6)
  Wiglaf (Vaults:1)
  3 draconian scorchers
  An iron dragon (Depths:5)
  An emperor scorpion (Spider:1)
  4 deep elf sorcerers
  10 vault wardens
  A deep elf elementalist (Elf:3)
  An orc warlord (Abyss:1)
  2 ghost moths
  3 draconian zealots
  4 draconian shifters
  6 stone giants
  5 draconian annihilators
  10 ironheart preservers
  12 very ugly things
  A draconian caller (Zot:4)
  3 vampire knights
  3 deep elf demonologists
  4 deep elf annihilators
  11 purple draconians
  4 green draconians
  5 mottled draconians
  3 black draconians
  A lorocyproca (Abyss:3)
  3 spark wasps
  The ghost of ololoev the Covert, a journeyman SpEn of Dithmenos (Depths:2)
  8 white draconians
  4 yellow draconians
  6 red draconians
  An eidolon (Vaults:3)
  Snorg (Abyss:1)
  3 vault guards
  4 jiangshi (Depths:2)
  A blizzard demon (D:6)
  4 deep elf death magi
  3 merfolk impalers
  13 ettins
  4 merfolk javelineers
  17 fire dragons
  5 deep elf high priests
  10 yaktaur captains
  13 great orbs of eyes
  8 rakshasas
  A quicksilver dragon skeleton (Abyss:3)
  10 ice dragons
  10 ogre magi
  2 merfolk avatars
  A monstrous demonspawn (Depths:4)
  3 spriggan air magi
  An alligator snapping turtle (Shoals:4)
  6 centaur warriors
  4 merfolk aquamancers
  An anaconda (shapeshifter) (Elf:3)
  2 deep troll earth magi
  15 dancing weapons
  2 death knights
  2 deep troll shamans
  A death yak (Lair:8)
  2 satyrs
  2 spriggan berserkers
  3 orc high priests
  A storm dragon zombie (Depths:4)
  5 thrashing horrors (Abyss:3)
  A soul eater (Abyss:3)
  5 tengu warriors
  7 vampire magi
  6 wretched stars (Abyss:3)
  2 skeletal warriors
  11 deep elf knights
  2 shadow wraiths (Abyss:3)
  A fire crab (Vaults:1)
  19 large abominations
  A deep troll (shapeshifter) (D:15)
  11 sea snakes
  2 giant orange brains
  9 hell knights
  2 spatial maelstroms (Abyss:3)
  A flayed ghost (Abyss:3)
  An anaconda zombie (Abyss:3)
  A swamp dragon (shapeshifter) (Depths:2)
  3 unseen horrors
  An anaconda skeleton (Abyss:3)
  13 deep elf archers
  16 deep trolls
  14 ironbrand convokers
  6 hill giants
  A kraken simulacrum (Shoals:4)
  8 orc knights
  A phantasmal warrior (Vaults:2)
  3 wizards
  15 harpies
  7 necromancers
  A golden dragon skeleton (Depths:4)
  6 orc sorcerers
  7 cyclopes
  5 shining eyes
  9 orb spiders
  46 deep elf magi
  40 ugly things
  A worldbinder (Abyss:3)
  6 hornets
  7 manticores
  6 fauns
  8 griffons
  16 moths of wrath
  7 vault sentinels
  23 wolf spiders
  3 sixfirhies (Abyss:3)
  9 elephants
  Psyche (D:7)
  6 sirens
  A guardian serpent (Abyss:3)
  A black mamba (shapeshifter) (Abyss:3)
  4 water nymphs
  An eye of devastation (Slime:6)
  3 torpor snails
  2 ice statues (IceCv)
  3 rust devils
  9 black mambas
  An apocalypse crab (Abyss:3)
  5 smoke demons
  A titan simulacrum (Depths:2)
  2 centaur skeletons
  A spiny frog (shapeshifter) (Vaults:1)
  15 spiny frogs
  2 orange demons
  A hellion (Depths:4)
  46 yaktaurs
  4 rime drakes
  2 efreet (Abyss:3)
  3 freezing wraiths
  10 komodo dragons
  2 kobold demonologists
  6 demonic crawlers
  5 tengu conjurers
  2 hellwings
  A red devil (Depths:2)
  A tormentor (Abyss:3)
  A silent spectre (Abyss:3)
  A queen bee (shapeshifter) (Vaults:1)
  A polar bear (shapeshifter) (Depths:2)
  27 jumping spiders
  8 trolls
  4 ancient zymes (Abyss:3)
  A two-headed ogre (shapeshifter) (D:15)
  10 polar bears
  21 merfolk
  A sphinx simulacrum (Depths:2)
  23 blink frogs
  12 raiju
  24 two-headed ogres
  2 blink frogs (shapeshifter)
  Prince Ribbit (D:7)
  4 boulder beetles
  62 slime creatures
  6 snapping turtles
  88 redbacks
  2 ettin skeletons
  A spriggan (shapeshifter) (D:13)
  A shadow (D:11)
  A frost giant simulacrum (Depths:4)
  Sigmund (D:5)
  13 starcursed masses
  10 spriggans
  3 ynoxinuls
  4 basilisks
  27 water elementals
  6 air elementals
  70 yaks
  4 wraiths
  32 tarantellas
  An elf zombie (Depths:2)
  3 wyverns
  Grum (Lair:1)
  6 fire elementals
  A human (shapeshifter) (Depths:3)
  4 neqoxecs (Abyss:3)
  8 hippogriffs
  A hungry ghost (D:7)
  5 golden eyes
  7 chaos spawn
  3 steam dragons
  A hippogriff (shapeshifter) (Vaults:3)
  5 swamp worms (Lair:2)
  19 wargs
  A mottled dragon (Lair:8)
  24 vampire mosquitoes
  13 soldier ants
  A giant eyeball (shapeshifter) (Elf:3)
  19 water moccasins
  10 porcupines
  3 swamp drakes (Lair:8)
  A giant eyeball (Abyss:3)
  50 orc warriors
  13 ice beasts
  7 sky beasts
  A black bear (shapeshifter) (Vaults:2)
  3 eyes of draining (Abyss:3)
  6 wasps
  16 black bears
  5 phantoms
  An eye of draining (shapeshifter) (Vaults:1)
  An ice dragon simulacrum (Abyss:3)
  3 necrophages
  24 wolves
  47 ogres
  11 boggarts
  22 centaurs
  22 crocodiles
  Blork the orc (D:5)
  15 giant frogs
  4 big kobolds
  A gnoll sergeant (D:9)
  An earth elemental (Elf:1)
  A wyvern zombie (D:12)
  7 scorpions
  4 wights
  22 killer bees
  A howler monkey (D:13)
  6 electric eels
  14 crimson imps
  A wasp zombie (D:7)
  5 quasits
  6 centaur zombies
  2 giant frog zombies
  34 orc priests
  A giant frog skeleton (D:12)
  A gnoll shaman (D:9)
  20 hounds
  27 jellies
  13 small abominations
  5 iron imps
  52 orc wizards
  13 iguanas
  47 worker ants
  36 sheep
  2 hound zombies
  A hound skeleton (D:4)
  8 gnolls (D:9)
  A howler monkey skeleton (D:4)
  13 adders
  46 river rats
  2 shadow imps (D:8)
  14 white imps
  3 ufetubi (Abyss:3)
  13 oozes (Lair:2)
  2 adder zombies
  An adder skeleton (D:4)
  20 worms
  15 dart slugs
  7 giant geckos
  123 orcs
  17 bats
  6 giant cockroaches
  2 goblins
  12 hobgoblins
  14 jackals
  23 kobolds
  7 quokkas
  A ball python (D:3)
  7 giant newts
  10 rats
  3 fungi (D:11)
  2 plants (Lair:2)
  5 starspawn tentacles (Abyss:3)
  2 tentacles
2444 creatures vanquished.

Vanquished Creatures (collateral kills)
  Rupert (D:14)
  An iguana (D:14)
2 creatures vanquished.

Vanquished Creatures (others)
  An ancient lich (Zot:5)
  A caustic shrike (shapeshifter) (D:13)
  A golden dragon (Zot:4)
  Arachne (Spider:4)
  2 electric golems
  A tentacled monstrosity (Vaults:4)
  3 Orb Guardians (Zot:5)
  2 deep elf master archers (Elf:3)
  2 deep elf blademasters (Elf:3)
  5 acid blobs
  A lich (Depths:3)
  3 death cobs
  A draconian monk (Zot:1)
  3 storm dragons
  3 fire giants
  2 shadow dragons (Zot:3)
  2 azure jellies (Slime:6)
  3 frost giants
  4 draconian knights
  6 deep elf sorcerers (Elf:3)
  A draconian scorcher (Zot:4)
  3 vault wardens
  An emperor scorpion (shapeshifter) (Vaults:3)
  3 draconian zealots
  2 emperor scorpions
  2 ironheart preservers
  A draconian shifter (Zot:1)
  6 deep elf elementalists
  5 very ugly things
  3 stone giants
  8 deep elf demonologists
  A purple draconian (Zot:5)
  2 yellow draconians
  3 red draconians
  3 black draconians
  4 deep elf annihilators (Elf:3)
  2 white draconians (Zot:4)
  3 mottled draconians
  5 fire dragons
  3 deep elf death magi (Elf:3)
  A great orb of eyes (Slime:6)
  3 merfolk javelineers (Shoals:4)
  3 yaktaur captains
  A vault guard (Vaults:4)
  A minotaur (Lab)
  A merfolk impaler (Shoals:3)
  A mummy priest (Elf:3)
  A deep elf high priest (Elf:3)
  7 entropy weavers
  5 ice dragons
  7 hydras
  2 rakshasas
  A hell beast (Depths:2)
  3 dancing weapons
  An alligator snapping turtle (Shoals:3)
  2 centaur warriors
  A merfolk aquamancer (Shoals:4)
  A queen ant (D:9)
  A titan zombie (Depths:4)
  2 orc high priests (Elf:3)
  A vampire mage (Elf:3)
  A death yak (Lair:8)
  2 deep troll earth magi
  A spriggan berserker (Depths:3)
  2 large abominations
  A sun demon (Abyss:3)
  A wretched star (Abyss:3)
  A fire crab (shapeshifter) (D:15)
  3 deep elf knights
  2 unseen horrors
  2 deep trolls
  4 giant orange brains
  4 sea snakes
  A hill giant (D:12)
  A flayed ghost (Depths:4)
  5 ironbrand convokers
  6 deep elf archers
  A sphinx zombie (Depths:2)
  2 orc sorcerers
  9 orb spiders
  5 harpies
  6 orc knights
  A faun (Shoals:2)
  A sphinx skeleton (Depths:2)
  2 griffons
  3 ugly things
  10 deep elf magi
  5 manticores
  6 cyclopes
  7 wolf spiders
  A salamander (D:15)
  2 shining eyes
  A worldbinder (Abyss:3)
  A sixfirhy (Depths:5)
  A water nymph (Shoals:3)
  13 moths of wrath
  A smoke demon (Zot:1)
  A siren (Shoals:3)
  An eye of devastation (Slime:6)
  3 vault sentinels
  A centaur skeleton (D:15)
  A torpor snail (Spider:1)
  3 spiny frogs
  2 freezing wraiths
  8 yaktaurs
  2 komodo dragons
  2 kobold demonologists (Elf:3)
  4 demonic crawlers
  2 hellwings
  11 merfolk
  A tengu conjurer (Depths:2)
  4 jumping spiders
  A wind drake (Shoals:3)
  A raiju (Lair:8)
  16 slime creatures
  4 snapping turtles
  7 tarantellas
  A spriggan (shapeshifter) (D:14)
  4 water elementals
  An air elemental (Depths:5)
  A wraith (Vaults:2)
  12 redbacks
  A steam dragon (D:14)
  A hippogriff (Lair:7)
  7 vampire mosquitoes
  7 yaks
  5 golden eyes
  A hungry ghost (D:7)
  3 wargs
  A water moccasin (Lair:6)
  8 hell hounds
  A phantom (D:11)
  3 eyes of draining (Slime:6)
  2 black bears (Lair:8)
  2 ice beasts
  7 orc warriors
  7 ogres
  4 boggarts
  A small abomination (Abyss:3)
  A giant frog (D:13)
  An earth elemental (Elf:3)
  A scorpion (D:12)
  An electric eel (D:6)
  3 jellies (Slime:6)
  An orc wizard (Orc:2)
  3 orc priests
  A river rat (Lair:8)
  A white imp (D:1)
  4 orcs
  A goblin (D:1)
  A fulminant prism (Depths:2)
  58 fungi
  2 lurking horrors (Abyss:3)
  123 plants
  53 starspawn tentacles
  286 starspawn tentacle segments
  25 tentacles
  789 tentacle segments
  A withered plant (D:12)
1780 creatures vanquished.

Grand Total: 4226 creatures vanquished

Notes
Turn   | Place    | Note
--------------------------------------------------------------
     0 | Abyss:1  | epen the Demonspawn Abyssal Knight began the quest for the Orb.
     0 | Abyss:1  | Reached XP level 1. HP: 18/18 MP: 2/2
    15 | D:1      | Escaped the Abyss
   229 | D:1      | Gained mutation: You are immune to rotting. [demonic ancestry]
   229 | D:1      | Reached XP level 2. HP: 21/24 MP: 3/3
   294 | D:1      | Reached skill level 1 in Dodging
   324 | D:1      | Reached ** piety under Lugonu
   431 | D:1      | Reached skill level 3 in Invocations
   529 | D:1      | Gained mutation: You are partially covered in yellow scales. (AC +2) [demonic ancestry]
   529 | D:1      | Reached XP level 3. HP: 29/29 MP: 5/5
   961 | D:2      | HP: 1/29 [worm (8)]
  1472 | D:2      | Found a burning altar of Makhleb.
  1536 | D:2      | Gained mutation: When hurt, damage is shared between your health and your magic reserves. [demonic ancestry]
  1536 | D:2      | Reached XP level 4. HP: 26/36 MP: 6/6
  1719 | D:2      | Found a bloodstained altar of Trog.
  2138 | D:2      | Gained mutation: You regenerate magic rapidly. [demonic ancestry]
  2138 | D:2      | Reached XP level 5. HP: 37/41 MP: 7/7
  2157 | D:2      | Found a hazy altar of Hepliaklqana.
  2539 | D:3      | Reached skill level 4 in Invocations
  2640 | D:3      | Reached *** piety under Lugonu
  3097 | D:3      | Noticed a phantom
  3136 | D:3      | Killed a phantom
  3136 | D:3      | Gained mutation: You have sharp fingernails. [demonic ancestry]
  3136 | D:3      | Reached XP level 6. HP: 33/48 MP: 7/9
  3654 | D:4      | Reached skill level 5 in Invocations
  3796 | D:4      | Got a steaming jade ring
  3860 | D:4      | Found an oddly glowing altar of Pakellas.
  4045 | D:5      | Entered Level 5 of the Dungeon
  4150 | D:5      | Noticed Sigmund
  4170 | D:5      | Killed Sigmund
  4170 | D:5      | Gained mutation: You may emit foul miasma when damaged in melee. [demonic ancestry]
  4170 | D:5      | Reached XP level 7. HP: 39/55 MP: 8/11
  4372 | D:5      | Noticed Blork the orc
  4395 | D:5      | Killed Blork the orc
  4420 | D:5      | Reached skill level 6 in Invocations
  4433 | D:5      | Reached **** piety under Lugonu
  4926 | D:5      | Found a radiant altar of Vehumet.
  5184 | D:5      | Identified the ring "Xivurech" {MR+ Dex+3} (You found it on level 4 of the Dungeon)
  5231 | D:6      | Found a stormy altar of Qazlal.
  5258 | D:6      | Reached skill level 5 in Long Blades
  5258 | D:6      | Reached XP level 8. HP: 50/61 MP: 10/12
  5668 | D:6      | Reached skill level 5 in Fighting
  5683 | D:6      | Noticed a hill giant
  5967 | D:6      | Reached skill level 7 in Invocations
  6042 | D:6      | Banished a hill giant
  6229 | D:6      | Found an ancient bone altar of Kikubaaqudgha.
  6229 | D:6      | Found a blossoming altar of Fedhas.
  6288 | D:6      | Reached skill level 8 in Invocations
  6288 | D:6      | Gained mutation: You are mostly covered in yellow scales. (AC +3) [demonic ancestry]
  6288 | D:6      | Reached XP level 9. HP: 56/68 MP: 12/15
  6350 | D:6      | Found a basalt altar of Yredelemnul.
  6351 | D:6      | Found an iron altar of Okawaru.
  6447 | D:6      | Found a staircase to the Ecumenical Temple.
  6635 | D:7      | Found a hide-covered altar to Ukayaw.
  7204 | D:7      | Got a bronze scale mail
  7218 | D:7      | Identified the +0 scale mail "Rymyel" {-Cast +Blink Dex+3} (You found it on level 7 of the Dungeon)
  7300 | D:7      | Reached skill level 9 in Invocations
  7552 | D:7      | Found a glowing golden altar of the Shining One.
  7552 | D:7      | Found a white marble altar of Elyvilon.
  7560 | D:7      | Found a glowing silver altar of Zin.
  7651 | D:7      | Noticed Prince Ribbit
  7728 | D:7      | Reached skill level 5 in Armour
  7933 | D:7      | Killed Prince Ribbit
  8229 | D:8      | Noticed Psyche
  8281 | D:7      | Killed Psyche
  8281 | D:7      | Reached skill level 10 in Invocations
  8295 | D:7      | Reached XP level 10. HP: 49/77 MP: 12/17
  8490 | D:8      | Reached skill level 5 in Dodging
  8600 | D:8      | Gained mutation: You have sharp toenails. [mutagenic meat]
  8601 | D:8      | Gained mutation: Scrolls take you a little longer to read. [mutagenic meat]
  8659 | D:8      | Reached ***** piety under Lugonu
  8816 | D:8      | Gained mutation: You are agile. (Dex +2) [mutagenic meat]
  8817 | D:8      | Gained mutation: You are frail. (-10% HP) [mutagenic meat]
  8820 | D:8      | Gained mutation: You are covered in fur. (AC +1) [mutagenic meat]
  8821 | D:8      | Gained mutation: Your mind is acute. (Int +2) [mutagenic meat]
  9192 | D:9      | Noticed a queen ant
  9202 | D:9      | Banished a queen ant
  9202 | D:9      | Reached skill level 11 in Invocations
  9825 | D:9      | Found a staircase to the Orcish Mines.
 10324 | D:9      | Reached skill level 12 in Invocations
 10516 | D:9      | Reached ****** piety under Lugonu
 10605 | D:9      | Reached XP level 11. HP: 72/75 MP: 18/20
 11115 | D:9      | Found a deep blue altar of Sif Muna.
 12007 | D:9      | Found a shattered altar of Ashenzari.
 12130 | D:9      | Found a shadowy altar of Dithmenos.
 12497 | D:10     | Entered Level 10 of the Dungeon
 12581 | D:10     | Noticed a hill giant
 12586 | D:10     | Killed a hill giant
 12839 | D:10     | Found Pookhomauxt's Gadget Shop.
 13160 | D:10     | Killed an unseen horror
 13167 | D:10     | Bought a wand of teleportation (4/9) for 384 gold pieces
 13789 | D:11     | Found Qamaesoh's Magic Scroll Shoppe.
 13930 | D:11     | Bought a scroll of identify for 34 gold pieces
 13930 | D:11     | Bought a scroll of identify for 34 gold pieces
 13930 | D:11     | Bought a scroll of identify for 34 gold pieces
 13930 | D:11     | Bought a scroll of magic mapping for 59 gold pieces
 13985 | D:11     | Reached skill level 13 in Invocations
 14311 | D:11     | Found a staircase to the Lair.
 14365 | D:11     | Noticed a brown ugly thing
 14380 | D:11     | Killed a brown ugly thing
 14380 | D:11     | Reached skill level 1 in Evocations
 14409 | D:11     | Found Gulucuofyu's Magic Scroll Shoppe.
 14416 | D:11     | Bought a scroll of teleportation for 39 gold pieces
 14528 | D:11     | Found Lothazim's Assorted Antiques.
 14536 | D:11     | Bought a scroll labeled OSAKLUHUEFF for 32 gold pieces
 14724 | D:11     | Noticed a green ugly thing
 14735 | D:11     | Killed a green ugly thing
 14735 | D:11     | Reached skill level 10 in Long Blades
 15021 | D:11     | Found Osiameh's Assorted Antiques.
 15195 | Lair:1   | Entered Level 1 of the Lair of Beasts
 15270 | Lair:1   | Gained mutation: You have very sharp fingernails. [demonic ancestry]
 15270 | Lair:1   | Reached XP level 12. HP: 81/82 MP: 22/22
 16509 | Lair:1   | Noticed Grum
 16518 | Lair:1   | Killed Grum
 16633 | Lair:1   | Got an ancient chain mail
 16644 | Lair:1   | Identified the +5 chain mail of Infinity {rElec rF- rC+ rN++} (You found it on level 1 of the Lair of Beasts)
 16713 | Lair:2   | Found a labyrinth entrance.
 16723 | Lab      | Entered a labyrinth
 16835 | Lab      | Noticed a minotaur
 16836 | Lab      | Banished a minotaur
 16836 | Lab      | Reached skill level 14 in Invocations
 17022 | Lair:2   | Noticed a six-headed hydra
 17024 | Lair:2   | Banished a six-headed hydra
 17436 | Lair:2   | Found a stormy altar of Qazlal.
 17776 | Lair:2   | Reached skill level 1 in Shields
 18208 | Lair:2   | Got a wavering glass ring
 18216 | Lair:2   | Identified the ring "Xivviot" {SustAt rN++ Dex+3} (You found it on level 2 of the Lair of Beasts)
 18518 | Lair:3   | Noticed a four-headed hydra
 18519 | Lair:3   | Banished a four-headed hydra
 20068 | Lair:4   | Reached XP level 13. HP: 80/90 MP: 20/24
 20620 | Lair:4   | Found a hole to the Spider Nest.
 21533 | Lair:5   | Identified a scroll of acquirement
 21620 | Lair:5   | Identified a +4 demon blade of distortion (a +2 demon blade of electrocution corrupted by Lugonu)
 21620 | Lair:5   | Received a gift from Lugonu
 21676 | Lair:5   | Found a staircase to the Shoals.
 21737 | Lair:5   | Reached skill level 15 in Invocations
 22873 | Lair:6   | Reached skill level 5 in Evocations
 24082 | Lair:7   | Found a runed door.
 24084 | Lair:7   | Found a viscous altar of Jiyva.
 24085 | Lair:7   | Found a staircase to the Slime Pits.
 24085 | Lair:7   | Noticed an acid blob
 24384 | Lair:7   | HP: 2/90 [acid (6)]
 24777 | Lair:8   | Entered Level 8 of the Lair of Beasts
 25222 | Lair:8   | Gained mutation: You have claws for hands. [demonic ancestry]
 25222 | Lair:8   | Reached XP level 14. HP: 82/97 MP: 23/25
 25672 | Lair:7   | Reached skill level 16 in Invocations
 29570 | D:12     | Reached skill level 10 in Fighting
 29670 | D:12     | Found a frozen archway.
 29720 | IceCv    | Entered an ice cave
 30618 | IceCv    | Got a scintillating steel amulet
 30634 | IceCv    | Identified the amulet of Tuliusyu {Faith rF+ rC+++ Str-2 SInv} (You found it in an ice cave)
 30762 | D:12     | Reached skill level 17 in Invocations
 30974 | D:12     | Gained mutation: When low on magic, you restore magic in place of health. [demonic ancestry]
 30974 | D:12     | Reached XP level 15. HP: 87/103 MP: 27/27
 31518 | D:13     | Noticed Snorg
 31982 | D:13     | Noticed a caustic shrike
 31983 | D:13     | Banished a caustic shrike
 32083 | D:13     | Found a snail-covered altar of Cheibriados.
 32119 | D:13     | Banished Snorg
 32337 | Orc:1    | Entered Level 1 of the Orcish Mines
 32574 | Orc:1    | Found a roughly hewn altar of Beogh.
 32991 | Orc:2    | Entered Level 2 of the Orcish Mines
 32993 | Orc:2    | Noticed Nessos
 32999 | Orc:2    | Banished Nessos
 33166 | Orc:2    | Noticed an orc warlord
 33263 | Orc:2    | Banished an orc warlord
 34119 | Orc:2    | Noticed an orc warlord
 34343 | Orc:2    | Banished an orc warlord
 34354 | Orc:1    | Paralysed by an orc sorcerer for 4 turns
 35002 | Orc:2    | Reached skill level 5 in Shields
 35100 | Orc:2    | Found a roughly hewn altar of Beogh.
 35112 | Orc:2    | Found Weosh's Jewellery Shop.
 35121 | Orc:2    | Found Ucwas's Antique Weapon Shop.
 35163 | Orc:2    | Found Heish's General Store.
 35181 | Orc:2    | Bought a potion of heal wounds for 80 gold pieces
 35189 | Orc:2    | Found Vepsid's Antique Armour Shop.
 35198 | Orc:2    | Bought a pair of runed boots for 130 gold pieces
 35253 | Orc:2    | Bought a pair of embroidered boots for 130 gold pieces
 35394 | Orc:2    | Found a staircase to the Elven Halls.
 36282 | D:14     | Noticed Rupert
 36286 | D:14     | Paralysed by Rupert for 3 turns
 36342 | D:14     | Found Laxzyoth's Antique Armour Emporium.
 36426 | D:14     | Reached skill level 18 in Invocations
 36428 | D:14     | Found a gate to the Vaults.
 36883 | D:14     | Killed Rupert
 36945 | D:14     | Noticed Louise
 37402 | D:14     | Banished Louise
 37681 | D:15     | Entered Level 15 of the Dungeon
 37716 | D:15     | Found a shattered altar of Ashenzari.
 38203 | D:15     | Found Ahoom's General Store.
 38214 | D:15     | Reached XP level 16. HP: 107/111 MP: 29/29
 38264 | D:15     | Bought a scroll of blinking for 112 gold pieces
 38264 | D:15     | Bought a potion of curing for 45 gold pieces
 38264 | D:15     | Bought a potion of heal wounds for 75 gold pieces
 38334 | D:15     | Found a staircase to the Depths.
 38516 | D:15     | Found Iquqo's Antique Weapon Shoppe.
 38532 | D:15     | Found Firagad's Book Boutique.
 39008 | Shoals:1 | Entered Level 1 of the Shoals
 39476 | Shoals:1 | Found a runed door.
 40381 | Shoals:1 | Got a scorched jade ring
 40387 | Shoals:1 | Identified the ring of Temptation {rPois MR+ Str+5 Dex-2} (You found it on level 1 of the Shoals)
 41337 | Shoals:2 | Reached skill level 10 in Armour
 41632 | Shoals:2 | Reached skill level 10 in Dodging
 44549 | Shoals:3 | Noticed Jorgrun
 44744 | Shoals:3 | Killed Jorgrun
 44793 | Shoals:3 | Noticed a kraken
 44947 | Shoals:3 | Reached skill level 19 in Invocations
 45740 | Shoals:4 | Entered Level 4 of the Shoals
 46945 | Shoals:4 | Noticed Ilsuiw
 47372 | Shoals:3 | Upgraded the game from 0.19-a0-231-gae044c8 to 0.19-a0-262-g5df7875
 47631 | Spider:1 | Entered Level 1 of the Spider Nest
 47705 | Spider:1 | Reached XP level 17. HP: 107/117 MP: 25/30
 52465 | Spider:3 | Got a pitted cloak
 52475 | Spider:3 | Identified the +0 cloak of Amoh {rPois MR- Str+5} (You found it on level 3 of the Spider Nest)
 52943 | Spider:4 | Entered Level 4 of the Spider Nest
 54499 | Spider:4 | Noticed Arachne
 54523 | Spider:4 | Corrupted Spider:4
 54523 | Spider:4 | Noticed a lich
 54528 | Spider:4 | Noticed a lich
 54531 | Spider:4 | Killed Arachne
 55185 | Spider:4 | Reached skill level 20 in Invocations
 56454 | Spider:4 | Got a gossamer rune of Zot
 56548 | Spider:3 | Reached skill level 15 in Long Blades
 57131 | Elf:1    | Entered Level 1 of the Elven Halls
 57288 | Elf:1    | Noticed Aizul
 57563 | Elf:1    | Reached XP level 18. HP: 119/126 MP: 30/32
 57570 | Elf:1    | Found a flickering gateway to a bazaar.
 57636 | Bazaar   | Entered a bazaar
 57653 | Bazaar   | Found Okhal's General Store.
 57657 | Bazaar   | Bought a scroll of recharging for 95 gold pieces
 57657 | Bazaar   | Bought a potion of curing for 30 gold pieces
 57670 | Bazaar   | Found Urugeukh's Armour Emporium.
 57670 | Bazaar   | Found Ojish's Antique Armour Shoppe.
 57680 | Bazaar   | Bought a bloodstained helmet for 294 gold pieces
 57682 | Bazaar   | Identified the +2 helmet of Hedge Wizardry {rC+ Dex+2 Stlth+} (You bought it in a shop in a bazaar)
 57732 | Bazaar   | Found Jifaloc's General Store.
 57732 | Bazaar   | Found Toyczigyxyu's General Store.
 57736 | Bazaar   | Bought a scroll of identify for 30 gold pieces
 57742 | Bazaar   | Bought a scroll of remove curse for 33 gold pieces
 57742 | Bazaar   | Bought a potion of cancellation for 88 gold pieces
 57882 | Elf:1    | Reached skill level 10 in Evocations
 57931 | Elf:1    | Banished Aizul
 59491 | Elf:2    | Found a huge runed gate.
 59491 | Elf:2    | Found a huge runed gate.
 59491 | Elf:2    | Found a huge runed gate.
 59491 | Elf:2    | Found a huge runed gate.
 59491 | Elf:2    | Found a huge runed gate.
 59833 | Elf:2    | Found Kimapalo's Antique Weapon Shoppe.
 60001 | Elf:3    | Entered Level 3 of the Elven Halls
 60703 | Elf:3    | Found Resanots's Antique Armour Emporium.
 60917 | Elf:3    | Bought a glowing buckler for 171 gold pieces
 60917 | Elf:3    | Bought a brightly glowing cloak for 361 gold pieces
 60917 | Elf:3    | Bought a pair of embroidered boots for 171 gold pieces
 60930 | Elf:3    | Identified the +1 cloak of the Blizzard {Dex+3} (You bought it in a shop on level 3 of the Elven Halls)
 61609 | Elf:3    | Noticed an Ice Fiend
 61720 | Elf:3    | Found a deep blue altar of Sif Muna.
 62030 | Elf:3    | Got a bound diamond amulet
 62047 | Elf:3    | Identified the amulet "Ficudesch" {Harm *Drain +Blink rC+} (You found it on level 3 of the Elven Halls)
 63592 | Elf:3    | Corrupted Elf:3
 63592 | Elf:3    | Noticed a lich
 63592 | Elf:3    | Noticed a profane servitor
 63592 | Elf:3    | Noticed an ancient lich
 63954 | Elf:3    | Reached skill level 21 in Invocations
 64802 | Elf:3    | Identified the Handbook of Enchanting Dislocation
 64808 | Elf:3    | Identified the Incunabulum of Transformation and Curses
 64817 | Elf:3    | Got a pair of faintly glowing gloves
 64949 | Elf:3    | Got a bloodstained shield
 64952 | Elf:3    | Identified the +3 shield "Rigoxoi" {rC+ Regen+} (You acquired it on level 3 of the Elven Halls)
 64967 | Elf:3    | Identified the Grimoire of Ice and Stones (You found it on level 3 of the Elven Halls)
 65217 | Elf:3    | Bought a shiny plate armour for 874 gold pieces
 65839 | Shoals:4 | Reached XP level 19. HP: 103/133 MP: 27/33
 66636 | Shoals:4 | Got a barnacled rune of Zot
 66921 | Vaults:1 | Entered Level 1 of the Vaults
 67445 | Vaults:1 | Noticed Wiglaf
 67464 | Vaults:1 | Killed Wiglaf
 68014 | Vaults:1 | Noticed Saint Roka
 69001 | Vaults:2 | Reached skill level 10 in Shields
 69230 | Vaults:2 | Found Ramm's Weapon Shoppe.
 69911 | Vaults:2 | Reached skill level 22 in Invocations
 69948 | Vaults:2 | Reached XP level 20. HP: 128/140 MP: 30/35
 71998 | Vaults:3 | Found Kagrouxi's Magic Scroll Emporium.
 72007 | Vaults:3 | Bought a scroll of identify for 36 gold pieces
 72007 | Vaults:3 | Bought a scroll of remove curse for 54 gold pieces
 72007 | Vaults:3 | Bought a scroll of enchant weapon for 135 gold pieces
 72007 | Vaults:3 | Bought a scroll of enchant weapon for 135 gold pieces
 72007 | Vaults:3 | Bought a scroll of identify for 36 gold pieces
 72007 | Vaults:3 | Bought a scroll of enchant weapon for 135 gold pieces
 72007 | Vaults:3 | Bought a scroll of fog for 36 gold pieces
 72263 | Vaults:3 | Found a staircase to the Crypt.
 73587 | Vaults:4 | Found Kimanuh's Food Emporium.
 74047 | Vaults:4 | Reached XP level 21. HP: 147/147 MP: 36/36
 74424 | Vaults:3 | Reached skill level 23 in Invocations
 74593 | Depths:1 | Entered Level 1 of the Depths
 75239 | Depths:1 | Found a gateway to a ziggurat.
 75513 | Depths:1 | Found a gateway to Hell.
 76149 | Depths:2 | Noticed ololoev's ghost (journeyman SpEn)
 76154 | Depths:2 | Killed ololoev's ghost
 76487 | Depths:2 | Found a one-way gate to the infinite horrors of the Abyss.
 77151 | Depths:2 | Voluntarily entered the Abyss.
 77167 | Abyss:1  | Killed Snorg
 77393 | Abyss:3  | Found a corrupted altar of Lugonu.
 77909 | Abyss:3  | Gained mutation: You resist negative energy. (rN+) [demonic ancestry]
 77909 | Abyss:3  | Reached XP level 22. HP: 132/138 MP: 30/34
 77933 | Abyss:3  | Found a corrupted altar of Lugonu.
 78644 | Abyss:3  | Found a corrupted altar of Lugonu.
 78855 | Abyss:3  | Reached skill level 24 in Invocations
 78875 | Abyss:3  | Got an abyssal rune of Zot
 79545 | Depths:2 | Escaped the Abyss
 80189 | Depths:3 | Found a one-way gate leading to the halls of Pandemonium.
 80463 | Depths:3 | Identified the Papyrus of the Earthen Blaze
 80702 | Depths:3 | Found a portal to a secret trove of treasure.
 81234 | Depths:4 | Noticed Jory
 82235 | Depths:4 | Noticed Mennas
 82319 | Depths:4 | Found a glowing golden altar of the Shining One.
 82564 | Depths:4 | Killed Mennas
 82900 | Depths:4 | Gained mutation: You are completely covered in yellow scales. (AC +4, rCorr) [demonic ancestry]
 82900 | Depths:4 | Reached XP level 23. HP: 156/162 MP: 39/39
 82992 | Depths:4 | Reached skill level 15 in Fighting
 83111 | Depths:5 | Entered Level 5 of the Depths
 83176 | Depths:5 | Paralysed by a great orb of eyes for 5 turns
 83873 | Depths:5 | Found a gate to the Realm of Zot.
 84057 | Depths:5 | Noticed a juggernaut
 84198 | Depths:5 | Killed a juggernaut
 84610 | Zot:1    | Entered Level 1 of the Realm of Zot
 84862 | Zot:1    | Reached skill level 25 in Invocations
 85494 | Zot:1    | Noticed a curse toe
 85501 | Zot:1    | Killed a curse toe
 86777 | Zot:3    | Gained mutation: You are somewhat able to resist unholy torments (1 in 2 success). [demonic ancestry]
 86777 | Zot:3    | Reached XP level 24. HP: 119/170 MP: 26/39
 87103 | Zot:3    | Escaped the Abyss
 87159 | Zot:3    | Reached skill level 15 in Shields
 90116 | Zot:4    | Reached skill level 26 in Invocations
 90869 | Slime:1  | Entered Level 1 of the Pits of Slime
 91331 | Slime:4  | Gained mutation: Your magical capacity is low. (-10% MP) [a shining eye]
 91337 | Slime:4  | Gained mutation: You occasionally shout uncontrollably at your foes. [a shining eye]
 91529 | Slime:6  | Entered Level 6 of the Pits of Slime
 91713 | Slime:6  | Gained mutation: You expend magic power (3 MP) to strengthen your wands. [a shining eye]
 91879 | Slime:6  | Found a viscous altar of Jiyva.
 91879 | Slime:6  | Noticed the Royal Jelly
 91896 | Slime:6  | Banished the Royal Jelly
 91896 | Slime:6  | Reached XP level 25. HP: 177/177 MP: 36/36
 91904 | Slime:6  | Corrupted Slime:6
 91908 | Slime:6  | Got a slimy rune of Zot
 91921 | Slime:6  | Gained mutation: Armour fits poorly on your strangely shaped body. [a shining eye]
 91942 | Slime:6  | Gained mutation: You are weak. (Str -2) [a shining eye]
 91946 | Slime:6  | Gained mutation: Scrolls take you longer to read. [a shining eye]
 91953 | Slime:6  | Gained mutation: You tend to lose your temper in combat. [a shining eye]
 92011 | Slime:6  | Lost mutation: You are frail. (-10% HP) [potion of cure mutation]
 92011 | Slime:6  | Lost mutation: You tend to lose your temper in combat. [potion of cure mutation]
 92011 | Slime:6  | Lost mutation: Your magical capacity is low. (-10% MP) [potion of cure mutation]
 92011 | Slime:6  | Lost mutation: Scrolls take you longer to read. [potion of cure mutation]
 92011 | Slime:6  | Lost mutation: You are covered in fur. (AC +1) [potion of cure mutation]
 92040 | Slime:6  | Got a translucent silver amulet
 92043 | Slime:6  | Identified the amulet "Nytakeatt" {RegenMP +Inv Dex+4} (You found it on level 6 of the Pits of Slime)
 92091 | Slime:6  | Got a pitted ruby amulet
 92094 | Slime:6  | Identified the amulet "Widics" {Harm *Drain Dex+4} (You found it on level 6 of the Pits of Slime)
 92150 | Slime:6  | Got a steaming marble ring
 92153 | Slime:6  | Identified the ring "Afepe" {Int+3 Dex-2 Stlth+} (You found it on level 6 of the Pits of Slime)
 92776 | Zot:5    | Entered Level 5 of the Realm of Zot
 93548 | Zot:5    | Noticed an ancient lich
 93548 | Zot:5    | Noticed an ancient lich
 93549 | Zot:5    | Noticed an orb of fire
 93550 | Zot:5    | Gained mutation: You are very weak. (Str -4) [an orb of fire]
 93561 | Zot:5    | Noticed an ancient lich
 93573 | Zot:5    | Killed an ancient lich
 93599 | Zot:5    | Killed an ancient lich
 93630 | Zot:5    | Lost mutation: Your mind is acute. (Int +2) [an orb of fire]
 93635 | Zot:5    | Gained mutation: You passively map a small area around you. [an orb of fire]
 93990 | Zot:5    | Banished an ancient lich
 94089 | Zot:5    | Reached skill level 15 in Dodging
 94520 | Zot:5    | Corrupted Zot:5
 94521 | Zot:5    | Got the Orb of Zot
 94537 | Zot:5    | Killed an ancient lich
 95239 | D:1      | Corrupted D:1
 95273 | D:$      | Escaped with the Orb!

Vault maps used:
D:1:      lordsloth_arrival_two_stooges
D:2:      marbit_many_paths, makhleb_grotto_becter, lightli_temple_of_fire,
          hex_intersection
D:3:      first_bread
D:4:      grunt_pakellas_salt, roderic_roman_lattice,
          minmay_misc_feat_secret_circle, eino_small_chamber_without_monster
D:5:      kennysheep_little_box, uniq_sigmund, uniq_blork_the_orc
D:6:      kennysheep_slugbush, grunt_temple_overflow_growth_and_decay,
          nicolae_qazlal_general_emergency, gammafunk_temple_overflow_pools,
          minmay_temple_entry_nine_rooms
D:7:      good_gods_mini_temple, lemuel_crystal_altar, uniq_prince_ribbit1
D:8:      uniq_psyche
D:9:      kennysheep_housing_project, nicolae_overflow_crystal_walls,
          lemuel_round_altar, orc_0_dummy, basic_altar, the_bakery, zaba_anthell
D:10:     serial_shops, shop, kennysheep_another_room
D:11:     due_lair_maze_entry_diamond, serial_shops, shop, shop, shop, shop
D:12:     serial_undead, serial_undead_d, serial_undead_e, serial_undead_b,
          serial_undead_b, portal_ice_cave_entry_imps
D:13:     basic_altar, uniq_snorg
D:14:     david_vaults_1, hangedman_decor_cross_pass, serial_shops,
          nicolae_shop_competitors_out_of_business, kb_tengu_band, uniq_louise,
          uniq_rupert
D:15:     hangedman_depths_entry_try_elsewhere_first, serial_shops, shop, shop,
          shop, basic_altar, serial_column_ruins, column_ruins_open_small,
          column_ruins_grid_1, column_ruins_columns_corner
Lair:1:   grunt_megastairs_2, uniq_grum
Lair:2:   lemuel_slime, lab_entry_generic, basic_altar, worms_lemuel
Lair:4:   spider_nest_entry_a
Lair:5:   minmay_shoals_entry_centaurs, grunt_forest_stairs_clearing,
          serial_bayou_shore_b
Lair:6:   gammafunk_lair_bear_cave, grunt_megastairs_3
Lair:7:   slime_altar_2, grunt_megastairs_5, serial_bayou_shore_b,
          serial_bayou_shore_b
Lair:8:   guppyfry_lair_end_dragon, hangedman_lair_caniforms_friends,
          wad_woods_01
Shoals:1: lightli_airlock
Shoals:2: nicolae_shoals_water_elemental_grotto
Shoals:3: uniq_jorgrun
Shoals:4: shoals_end_grunt_ice, shoal_ilsuiw
Spider:1: guppyfry_spider_mini_3
Spider:4: spider_rune_water, uniq_arachne
Slime:5:  basic_altar
Orc:1:    mines1_david
Orc:2:    grunt_orc_cross, nicolae_orc_tapped_out, uniq_nessos
Elf:1:    serial_shops, bzr_entry_safe, kennysheep_underground_church,
          uniq_aizul
Elf:2:    serial_shops, shop, lemuel_elevator
Elf:3:    minmay_elf_hall_four_x, serial_shops, nicolae_shop_window_shopping,
          hangedman_summoners_spam
Vaults:1: v_misc_30, v_misc_18, v_misc_18, nicolae_vaults_network_star,
          v_alt_pattern_5, nicolae_vaults_stairing_the_circle,
          nicolae_vaults_asterisk, vaults_room_stairs_pillars,
          nicolae_vaults_theta, nicolae_vaults_little_squares_6,
          ontoclasm_vaults_shout, v_misc_17, uniq_saint_roka, uniq_wiglaf
Vaults:2: grunt_vaults_swirl, ontoclasm_vaults_spin, nicolae_vaults_big_ls,
          grunt_vaults_trifunnel, nicolae_vaults_circle_grid_a, v_misc_5,
          ontoclasm_vaults_loading_screen, nicolae_vaults_border_crossing,
          vaults_dpeg_encased_lava, ontoclasm_vaults_pinch, serial_shops,
          shop_statue
Vaults:3: nicolae_vaults_windows_and_doors_thing, hangedman_vaults_river_flow,
          minmay_crypt_entry_simple_corners, ontoclasm_vaults_idyll, v_misc_25,
          v_misc_17, nicolae_vaults_diagonal_hallway_8, vaults_room_fours,
          serial_shops, shop
Vaults:4: st_cells, hangedman_vaults_impose, hangedman_vaults_corner, v_misc_5,
          hangedman_vaults_stagger, vaults_dpeg_doors, vaults_room_corners,
          vaults_room_pool, nicolae_vaults_asterisk, v_rooms_2,
          hangedman_vaults_slice, serial_shops,
          nicolae_shop_competitors_out_of_business
Depths:1: enter_ziggurat_b, serial_bayou_lagoon_a, pf_hell_entry_tar_spiral,
          minmay_hollow_rounded_squares
Depths:2: kennysheep_six_static_rooms, hangedman_abyss_entry_splay,
          minmay_misc_feat_room, grunt_mini_vestibule
Depths:3: cross_vault, hellmouth_1, kennysheep_doodads, pan_entry,
          enter_trove_3, infiniplex_staircase_spiral
Depths:4: abrahamwl_protected_by_tso_2, grunt_pan_entry_in_and_out,
          kennysheep_decorative_pillar, pf_coc_iceberg,
          abyss_entry_small_statue_room, infiniplex_staircase_x, uniq_jory,
          uniq_mennas
Depths:5: evilmike_zot_entry_basic, minmay_room_of_horrors, hell_entry
Zot:1:    grunt_megastairs_4
Zot:3:    hangedman_zot_diagonal_lockstep
Abyss:3:  evilmike_abyss_exit_16, minivault_27
Lab:      labyrinth_spiral, nicolae_lab_checkerboard
Bazaar:   bazaar_long_row
IceCv:    ice_cave_small_dragons

Skill      XL: |  1  2  3  4  5  6  7  8  9 10 11 12 13 14 15 16 17 18 19 20 21 22 23 24 25 |
---------------+----------------------------------------------------------------------------+-----
Long Blades    | 2 3 4 5 6 7 8 10 11 12 13 14 15 16 17 18 19 20 | 20.5
Dodging        | 1 2 3 4 5 6 7 8 9 10 11 12 13 14 15 | 15.1
Armour         | 2 3 4 5 6 7 8 9 10 11 12 13 14 | 14.8
Invocations    | 3 4 5 6 8 10 12 13 14 15 17 18 19 20 21 22 23 24 25 26 | 26.9
Fighting       | 4 5 6 7 8 9 10 11 12 13 14 15 16 | 16.5
Evocations     | 1 4 5 6 8 9 10 | 10.1
Shields        | 2 4 5 6 7 8 10 11 12 13 14 15 16 | 16.4

Action                   |  1- 3 |  4- 6 |  7- 9 | 10-12 | 13-15 | 16-18 | 19-21 | 22-24 | 25-27 || total
-------------------------+-------+-------+-------+-------+-------+-------+-------+-------+-------++-------
Melee: Falchion          |   178 |   281 |    40 |       |       |       |       |       |       ||   499
       Dagger            |       |   133 |   342 |       |       |       |       |       |       ||   475
       Long sword        |       |       |   224 |  1437 |   167 |       |       |       |       ||  1828
       Kick              |       |       |       |   515 |   705 |       |       |       |       ||  1220
       Demon blade       |       |       |       |       |  2033 |  2504 |  2823 |  3082 |   466 || 10908
Throw: Throwing net      |       |       |       |       |       |       |     1 |       |       ||     1
Invok: Banish            |       |       |     4 |     9 |    22 |    42 |    18 |    29 |    14 ||   138
       Bend Space        |       |       |     1 |     1 |     1 |     6 |     1 |     2 |     1 ||    13
       Brand Weapon With |       |       |       |       |     1 |       |       |       |       ||     1
       Corrupt           |       |       |       |       |       |     2 |       |       |     3 ||     5
       Depart the Abyss  |       |       |       |       |       |       |       |     1 |       ||     1
       Enter the Abyss   |       |       |       |       |       |       |       |     1 |       ||     1
Evoke: Wand              |       |       |       |       |     6 |    11 |       |    19 |     2 ||    38
       Sack of spiders   |       |       |       |       |    11 |       |       |       |       ||    11
  Use: Scroll            |     3 |     2 |     1 |    22 |    12 |    21 |    11 |    14 |     9 ||    95
       Potion            |       |     1 |     2 |     2 |     4 |    16 |       |     4 |     9 ||    38
 Stab: Distracted        |       |       |       |     1 |       |     1 |       |     1 |       ||     3
       Confused          |       |       |       |       |     2 |       |       |       |       ||     2
       Held in net/web   |       |       |       |       |       |       |     1 |       |       ||     1
       Paralysed         |       |       |       |       |       |       |       |     1 |       ||     1
       Sleeping          |       |       |       |       |       |       |       |     1 |       ||     1
  Eat: Chunk             |     1 |     5 |    20 |    45 |    51 |    45 |    42 |    23 |       ||   232
       Bread ration      |       |     1 |     2 |     1 |     1 |    13 |     1 |     8 |     3 ||    30
       Royal jelly       |       |       |     1 |       |       |       |       |       |       ||     1
       Pizza             |       |       |     1 |       |     1 |     1 |       |       |       ||     3
       Fruit             |       |       |       |     1 |     1 |     1 |     1 |     1 |     1 ||     6
       Meat ration       |       |       |       |       |     1 |       |       |       |       ||     1
       Beef jerky        |       |       |       |       |       |       |     1 |     1 |     1 ||     3
Armor: Leather armour    |    56 |   140 |   142 |       |       |       |       |       |       ||   338
       Scale mail        |       |       |   106 |   523 |    43 |       |       |       |       ||   672
       Chain mail        |       |       |       |   191 |   869 |  1077 |       |       |       ||  2137
       Plate armour      |       |       |       |       |       |    16 |   408 |       |       ||   424
       Fire dragon armou |       |       |       |       |       |       |   180 |   770 |    89 ||  1039
Dodge: Dodged            |   114 |   220 |   428 |   996 |  1093 |  1285 |   803 |  1285 |   179 ||  6403
Block: Buckler           |       |       |       |       |   387 |   580 |       |       |       ||   967
       Shield            |       |       |       |       |       |    44 |  1592 |  1799 |   271 ||  3706
